[Event "IV Zicosur Open 2019"]
[Site "Antofagasta"]
[Date "2019.01.05"]
[Round "1"]
[White "Pichot, Alan"]
[Black "Figueroa Bernal, Julia Dennis"]
[Result "1-0"]
[ECO "A30"]
[WhiteElo "2562"]
[BlackElo "1737"]
[Annotator "ChessBase"]
[PlyCount "31"]
[EventDate "2019.01.05"]
[EventType "swiss"]
[EventCountry "CHI"]
[SourceTitle "playchess.com"]
[Source "ChessBase"]
[SourceQuality "1"]
[TimeControl "5400+30"]

1. c4 c5 2. Nf3 Nf6 3. Nc3 e6 4. g3 Be7 5. Bg2 O-O 6. d4 cxd4 7. Nxd4 a6 8. O-O Qc7 9. Qd3 Nc6 10. b3 b6 11. Bf4 e5 12. Nf5 Bb4 13. Bg5 d6 14. Bxf6 Bxc3 15. Bxc6 Bxf5 16. Qxf5 1-0

[Event "IV Zicosur Open 2019"]
[Site "Antofagasta"]
[Date "2019.01.05"]
[Round "1"]
[White "Castillo Palma, Hernan"]
[Black "Bacallao Alonso, Yusnel"]
[Result "0-1"]
[ECO "E00"]
[WhiteElo "1710"]
[BlackElo "2582"]
[Annotator "ChessBase"]
[PlyCount "76"]
[EventDate "2019.01.05"]
[EventType "swiss"]
[EventCountry "CHI"]
[SourceTitle "playchess.com"]
[Source "ChessBase"]
[SourceQuality "1"]
[TimeControl "5400+30"]

1. d4 Nf6 2. c4 e6 3. a3 c5 4. d5 exd5 5. cxd5 g6 6. Nc3 Bg7 7. e4 O-O 8. Bd3 d6 9. Nge2 Nbd7 10. O-O a6 11. Rb1 Nh5 12. f4 Qc7 13. g4 Nhf6 14. Ng3 c4 15. Bc2 Nc5 16. g5 Nfd7 17. Be3 b5 18. h4 f6 19. Kg2 Rb8 20. Bd4 a5 21. Qd2 b4 22. Nce2 Bb7 23. h5 b3 24. Bd1 Nd3 25. Nc3 N7c5 26. hxg6 hxg6 27. Bg4 fxg5 28. Bxg7 Qxg7 29. fxg5 Qd4 30. Nb5 Qe5 31. Qc3 Qxg5 32. Be6+ Nxe6 33. dxe6 Bxe4+ 34. Kh3 Qh6+ 35. Kg4 Rf4+ 36. Rxf4 Qxf4+ 37. Kh3 Qh6+ 38. Kg4 Nf2# 0-1

[Event "IV Zicosur Open 2019"]
[Site "Antofagasta"]
[Date "2019.01.05"]
[Round "1"]
[White "Aranguiz Olave, Emilio Antonio"]
[Black "Cruz, Cristhian"]
[Result "0-1"]
[ECO "A06"]
[WhiteElo "1679"]
[BlackElo "2561"]
[Annotator "ChessBase"]
[PlyCount "64"]
[EventDate "2019.01.05"]
[EventType "swiss"]
[EventCountry "CHI"]
[SourceTitle "playchess.com"]
[Source "ChessBase"]
[SourceQuality "1"]
[TimeControl "5400+30"]

1. b3 d5 2. Bb2 Bg4 3. Nf3 Bxf3 4. gxf3 Nd7 5. e3 Ngf6 6. f4 e6 7. Rg1 g6 8. d3 Bd6 9. Nd2 Qe7 10. Bh3 O-O-O 11. Nf3 Kb8 12. Ne5 Rhf8 13. a4 Ne8 14. d4 c5 15. Qe2 cxd4 16. exd4 Nc7 17. a5 a6 18. c4 Qh4 19. Qe3 Nxe5 20. fxe5 Be7 21. Rg4 Qh5 22. Qg3 g5 23. Ba3 Bxa3 24. Rxa3 h6 25. Bf1 f5 26. exf6 Rxf6 27. Ra2 Rdf8 28. Bg2 Qg6 29. Rb2 Rf5 30. h4 Qg7 31. hxg5 h5 32. cxd5 exd5 0-1

[Event "IV Zicosur Open 2019"]
[Site "Antofagasta"]
[Date "2019.01.05"]
[Round "2"]
[White "Alvarez Vargas, German"]
[Black "Pichot, Alan"]
[Result "0-1"]
[ECO "A34"]
[WhiteElo "2009"]
[BlackElo "2581"]
[Annotator "ChessBase"]
[PlyCount "64"]
[EventDate "2019.01.05"]
[EventType "swiss"]
[EventCountry "CHI"]
[SourceTitle "playchess.com"]
[Source "ChessBase"]
[SourceQuality "1"]
[TimeControl "5400+30"]

1. Nf3 c5 2. e3 g6 3. c4 Bg7 4. Nc3 Nf6 5. g3 d5 6. Bg2 d4 7. exd4 cxd4 8. Ne2 Nc6 9. d3 O-O 10. O-O Nd7 11. Ne1 Nc5 12. b3 Bf5 13. Ba3 Qa5 14. Bxc5 Qxc5 15. a3 a5 16. Nf3 b5 17. Nh4 Bd7 18. Rc1 Rfc8 19. Ra1 bxc4 20. bxc4 Rab8 21. Qc2 Qh5 22. Nf3 g5 23. h3 Qg6 24. Nd2 Qh6 25. Ne4 Ne5 26. Qd2 Bxh3 27. Qxg5 Qxg5 28. Nxg5 Bxg2 29. Kxg2 Nxd3 30. Rad1 Nb2 31. Rc1 d3 32. Nf4 d2 0-1

[Event "IV Zicosur Open 2019"]
[Site "Antofagasta"]
[Date "2019.01.08"]
[Round "7"]
[White "Martinez Alcantara, Jose Eduardo"]
[Black "Perez Ponsa, Federico"]
[Result "1-0"]
[ECO "E60"]
[WhiteElo "2541"]
[BlackElo "2560"]
[Annotator "ChessBase"]
[PlyCount "23"]
[EventDate "2019.01.05"]
[EventType "swiss"]
[EventCountry "CHI"]
[SourceTitle "playchess.com"]
[Source "ChessBase"]
[SourceQuality "1"]
[TimeControl "5400+30"]

1. c4 g6 2. d4 Nf6 3. Nf3 Bg7 4. g3 O-O 5. Bg2 d6 6. O-O Bf5 7. Nh4 Be4 8. Nf3 Bf5 9. Qb3 Nc6 10. Qxb7 Na5 11. Qa6 c5 12. Bd2 1-0